 Dungeon Crawl Stone Soup version 0.20.1-1-g8b1a95d (webtiles) character file.

233554 TepidLee the Severer (level 18, 0/173 HPs)
             Began as a Minotaur Fighter on Aug 19, 2017.
             Was the Champion of the Shining One.
             Slain by an enormous slime creature (18 damage)
             ... on level 13 of the Dungeon.
             The game lasted 03:47:45 (48205 turns).

TepidLee the Severer (Minotaur Fighter)            Turns: 48205, Time: 03:47:46

Health: 0/173      AC: 27    Str: 34    XL:     18   Next: 42%
Magic:  9/9        EV: 12    Int: 10    God:    the Shining One [******]
Gold:   1970       SH:  4    Dex: 11    Spells: 17/17 levels left

rFire    + . .     SeeInvis .   a - +6 battleaxe (antimagic)
rCold    + + +     Gourm    .   (shield currently unavailable)
rNeg     + + +     Faith    .   c - +0 plate armour {rC+}
rPois    +         Spirit   .   S - +2 hat
rElec    .         Reflect  +   y - +2 cloak
rCorr    .         Harm     .   B - +0 pair of gloves of Saoxzeil {MR+ Str+3} (curse)
MR       ++...                  q - +2 pair of boots {run}
Stlth    ..........             O - +4 amulet of reflection
Regen    0.4/turn               v - ring of protection from fire
MPRegen  0.2/turn               M - ring "Rerouliu" {*Contam rPois rC++ Str+3 Int+5}

@: glowing, quick
A: retaliatory headbutt, horns 2
}: 2/15 runes: decaying, serpentine
a: Divine Shield, Cleansing Flame, Summon Divine Warrior, Renounce Religion


You were on level 13 of the Dungeon.
You worshipped the Shining One.
The Shining One was exalted by your worship.
You were hungry.

You visited 6 branches of the dungeon, and saw 30 of its levels.
You visited 1 bazaar.
You also visited: Ossuary and Ice Cave.

You collected 3468 gold pieces.
You spent 1498 gold pieces at shops.

Inventory:

Hand Weapons
 a - a +6 antimagic battleaxe (weapon)
 b - a +6 dire flail of holy wrath
Armour
 c - a +0 plate armour of cold resistance (worn)
 k - a scarf of repulsion
 q - a +2 pair of boots of running (worn)
 y - a +2 cloak (worn)
 B - the cursed +0 pair of gloves of Saoxzeil (worn) {MR+ Str+3}
   (You found it on level 12 of the Dungeon)

   It affects your strength (+3).
   It affects your resistance to hostile enchantments.
   It has a curse placed upon it.
 S - a +2 hat (worn)
Jewellery
 v - a ring of protection from fire (left hand)
 H - the ring of Arom {rCorr Int+7}
   (You found it in an ice cave)

   [ring of resist corrosion]

   It affects your intelligence (+7).
 K - an uncursed ring of protection from cold
 M - the ring "Rerouliu" (right hand) {*Contam rPois rC++ Str+3 Int+5}
   (You found it on level 1 of the Lair of Beasts)

   [ring of intelligence]

   It affects your strength (+3).
   It affects your intelligence (+5).
   It greatly protects you from cold.
   It protects you from poison.
   It causes magical contamination when unequipped.
 O - a +4 amulet of reflection (around neck)
 P - an uncursed ring of protection from magic
 X - an uncursed ring of flight
Wands
 n - a wand of digging (10/24)
 s - a wand of flame (9/48)
 A - a wand of digging (15/24)
 T - a wand of acid (7/15)
Scrolls
 e - 5 scrolls of identify
 g - 11 scrolls of remove curse
 i - 8 scrolls of teleportation
 m - 4 scrolls of recharging
 t - 8 scrolls of enchant armour
 x - 3 scrolls of fog
 C - 4 scrolls of magic mapping
 D - 5 scrolls of blinking
 E - a scroll of summoning
 G - 3 scrolls of enchant weapon
 I - 4 scrolls of fear
 Y - 2 scrolls of brand weapon
Potions
 d - 2 potions of might
 j - 8 potions of curing
 o - a potion of cancellation
 p - 7 potions of mutation
 u - 5 potions of flight
 F - 2 potions of agility
 J - 6 potions of brilliance
 L - a potion of heal wounds
 Q - a potion of magic
 U - a potion of ambrosia
Miscellaneous
 l - a sack of spiders
 N - a lamp of fire
Comestibles
 f - 16 bread rations
 h - 13 meat rations
 w - 4 royal jellies
 z - 2 fruits


   Skills:
 + Level 18.5 Fighting
 - Level 20.0 Axes
 + Level 15.2 Armour
 + Level 6.8 Dodging
   Level 14.4 Shields
 - Level 15.1 Invocations
 + Level 2.4 Evocations


You had 17 spell levels left.
You didn't know any spells.

Dungeon Overview and Level Annotations

Branches:
Dungeon (13/15)            Temple (1/1) D:5            Lair (6/6) D:8
  Swamp (4/4) Lair:4        Snake (4/4) Lair:2        Slime (0/5) Lair:6
    Orc (2/2) D:9             Elf (0/3) Orc:2
 Vaults: D:13-14

Altars:
Ashenzari
Cheibriados
Dithmenos
Elyvilon
Fedhas
Gozag
Hepliaklqana
Kikubaaqudgha
Makhleb
Nemelex Xobeh
Okawaru
Qazlal
Ru
Sif Muna
Trog
Uskayaw
Vehumet
Xom
Yredelemnul
Zin
The Shining One
Beogh
Jiyva

Shops:
D:4 (*([   Orc:2 (:[*

Annotations:
D:3 exclusion: door


Innate Abilities, Weirdness & Mutations

You reflexively headbutt those who attack you in melee.
You have a pair of horns on your head.


Message History

The enormous slime creature hits you!!!
* * * LOW HITPOINT WARNING * * *
The enormous slime creature hits you!!! The Shining One protects you from harm!
Evoke which item? (* to show all) (? for menu, Esc to quit)
Aiming: Throw Flame
Press: ? - help, Shift-Dir - straight line, f - enormous slime creature
Aim: an enormous slime creature (almost dead, haloed)
The puff of flame hits the enormous slime creature.
The enormous slime creature is almost dead.
This wand has 9 charges left.
There is a stone staircase leading up here.
You climb upwards.
There is a stone staircase leading down here.
You start resting.
You are feeling hungry.
You climb downwards.
The enormous slime creature hits you!!!
* * * LOW HITPOINT WARNING * * *
The enormous slime creature hits you!!
You die...

.# .# .# ############### .#
#(.......#....# #### .#
####........#....# #... .#
########....[......#....# #.## .#
#........##........#....# #)# .#
#........#......##.#....# #)# .#
#........#..J@#....#....# #(# .#
#......[.###########....# #(# .#
#.......................# #)#
.###........###########....# #)#
...........................# #(#
########...........###..[..###(##
....(.........................(..
########...........###.#.#####(..
.....# #)..........# #.#.# ##.#


You could see an enormous slime creature.

Vanquished Creatures
  the Lernaean hydra (Swamp:4)
  Saint Roka (Orc:2)
  Nikola (Lair:4)
  The ghost of Monsterracer the Brawler, an adept OgTm of Okawaru (Swamp:1)
  5 thorn hunters
  Frances (Swamp:1)
  Gastronok (Lair:3)
  6 nagarajas
  An orc warlord (Orc:2)
  5 dire elephants (Lair:6)
  2 blizzard demons (IceCv)
  The ghost of Monsterracer the Destroyer, a journeyman BaCj of Ashenzari (IceCv)
  Josephine (Swamp:1)
  21 hydras
  17 naga warriors
  11 anacondas
  Harold (Lair:3)
  3 ghost crabs
  14 alligators
  A centaur warrior (D:13)
  4 two-headed ogres
  4 orc high priests (Orc:2)
  9 naga sharpshooters
  Urug (D:12)
  A spriggan berserker (Swamp:3)
  The ghost of dscm the Cleaver, a novice DsGl of Uskayaw (D:8)
  A deep elf knight (Swamp:3)
  8 shock serpents
  3 salamander mystics (Snake:3)
  2 unseen horrors (D:12)
  5 spriggan druids
  9 swamp dragons
  3 naga ritualists
  Pikel (D:7)
  4 lindwurms (Lair:5)
  A manticore (D:11)
  3 orc knights
  A cyclops (D:13)
  18 elephants
  7 mana vipers
  14 salamanders
  2 orc sorcerers (Orc:2)
  2 ugly things
  42 black mambas
  3 guardian serpents
  22 naga magi
  17 spiny frogs
  2 gargoyles
  5 komodo dragons
  A rime drake (Lair:6)
  2 kobold demonologists (D:13)
  6 ice devils (IceCv)
  2 anaconda simulacra (IceCv)
  7 freezing wraiths
  6 tyrant leeches
  15 trolls
  5 bog bodies
  7 hornets
  A polar bear (Lair:6)
  11 blink frogs
  18 slime creatures
  12 dream sheep (Lair:5)
  11 hippogriffs
  A shadow (Swamp:3)
  Sigmund (D:3)
  8 spriggans
  A vampire (D:9)
  A wyvern (Lair:4)
  64 yaks
  6 wraiths
  2 dire elephant simulacra (IceCv)
  5 basilisks
  A hungry ghost (D:12)
  A death yak simulacrum (IceCv)
  Edmund (D:6)
  3 iron troll simulacra (IceCv)
  24 vampire mosquitoes
  22 swamp worms
  4 insubstantial wisps
  4 wargs
  57 nagas
  3 harpy simulacra (IceCv)
  14 water moccasins
  Duvessa (D:7)
  5 porcupines
  5 hydra simulacra (IceCv)
  17 swamp drakes
  36 orc warriors
  An ice beast (D:12)
  5 black bears
  A phantom (D:13)
  A sky beast (D:8)
  2 alligator simulacra (IceCv)
  An eye of draining (D:13)
  A necrophage (D:10)
  9 centaurs
  17 ogres
  24 wolves
  10 crocodiles
  An elf zombie (Ossuary)
  3 big kobolds
  13 bullfrogs
  Dowan (D:7)
  2 wyvern skeletons
  6 scorpions
  A killer bee (D:8)
  9 wights
  3 howler monkeys (D:11)
  2 electric eels (Snake:1)
  5 crimson imps
  2 bullfrog zombies
  A quasit (D:7)
  4 hounds
  3 bullfrog skeletons
  4 centaur skeletons
  9 orc priests
  6 jellies
  17 orc wizards
  7 worker ants
  3 iguanas (D:5)
  A polar bear simulacrum (IceCv)
  A spriggan simulacrum (IceCv)
  4 troll simulacra (IceCv)
  2 hound zombies
  2 hound skeletons
  3 mummies (Ossuary)
  3 worker ant zombies
  12 adders
  2 naga simulacra (IceCv)
  2 ogre simulacra (IceCv)
  2 shadow imps (D:12)
  7 white imps (IceCv)
  3 ufetubi (IceCv)
  3 oozes
  2 worms (D:2)
  4 dart slugs
  A leopard gecko (D:8)
  67 orcs
  2 ball pythons
  10 bats
  6 giant cockroaches
  6 goblins
  12 hobgoblins
  11 jackals
  2 quokkas
  9 frilled lizards
  3 goblin zombies (Ossuary)
  3 hobgoblin zombies (Ossuary)
  A jackal skeleton (D:4)
  A jackal zombie (D:5)
  20 kobolds
  2 kobold zombies (Ossuary)
  A quokka skeleton (D:9)
  A quokka zombie (D:5)
  10 rats
  5 briar patches (Swamp:2)
  15 fungi
  13 plants
1109 creatures vanquished.

Vanquished Creatures (collateral kills)
  A nagaraja (Snake:4)
  A naga warrior (Snake:4)
  3 naga sharpshooters (Snake:4)
  A salamander mystic (Snake:4)
  A black mamba (Snake:4)
  2 naga magi (Snake:4)
  7 nagas (Snake:4)
16 creatures vanquished.

Vanquished Creatures (others)
  A cyclops (Orc:2)
  An orc warrior (Orc:2)
  A swamp drake (Swamp:4)
  A slave (D:7)
  A killer bee zombie (D:7)
  2 ufetubi (IceCv)
  An ooze (D:7)
  An adder zombie (D:7)
  An orc (Orc:2)
  3 briar patches
  9 fungi
  24 plants
46 creatures vanquished.

Grand Total: 1171 creatures vanquished

Notes
Turn   | Place    | Note
-------+----------+-------------------------------------------
     0 | D:1      | TepidLee the Minotaur Fighter began the quest for the Orb.
     0 | D:1      | Reached XP level 1. HP: 19/19 MP: 0/0
   301 | D:1      | Reached XP level 2. HP: 27/27 MP: 1/1
   809 | D:2      | Reached skill level 3 in Axes
   809 | D:2      | Reached XP level 3. HP: 28/33 MP: 2/2
  1146 | D:2      | Found a shimmering altar of Xom.
  1146 | D:2      | Found a shimmering altar of Xom.
  1146 | D:2      | Found a shimmering altar of Xom.
  1385 | D:2      | Found a shimmering altar of Xom.
  1575 | D:3      | Reached XP level 4. HP: 37/40 MP: 3/3
  1663 | D:3      | Found a glowing golden altar of the Shining One.
  1667 | D:3      | Became a worshipper of the Shining One
  1677 | D:3      | Noticed Sigmund
  1751 | D:3      | Reached skill level 4 in Axes
  1872 | D:3      | Found a deep blue altar of Sif Muna.
  2237 | D:3      | Killed Sigmund
  2237 | D:3      | Reached skill level 5 in Fighting
  2237 | D:3      | Reached skill level 5 in Axes
  2237 | D:3      | Reached skill level 5 in Shields
  2237 | D:3      | Reached XP level 5. HP: 39/48 MP: 4/4
  2303 | D:3      | Reached XP level 6. HP: 55/56 MP: 5/5
  2550 | D:4      | Found Kaygoe's Armour Emporium.
  2668 | D:4      | Found Vaiziu's Antique Weapon Shoppe.
  2687 | D:4      | Reached skill level 6 in Axes
  2690 | D:4      | Found a sand-covered staircase.
  2698 | Ossuary  | Entered an ossuary
  2698 | Ossuary  | Noticed a wraith
  2698 | Ossuary  | Noticed a wraith
  2698 | Ossuary  | Noticed a wraith
  2706 | Ossuary  | Reached * piety under the Shining One
  2931 | Ossuary  | Noticed a wraith
  2934 | Ossuary  | Killed a wraith
  2934 | Ossuary  | Reached XP level 7. HP: 61/62 MP: 6/6
  3234 | D:4      | Reached ** piety under the Shining One
  3241 | D:4      | Reached skill level 7 in Axes
  3327 | D:4      | Found Iloruav's General Store.
  3469 | D:4      | Bought a scroll of identify for 24 gold pieces
  3469 | D:4      | Bought a potion of berserk rage for 60 gold pieces
  3469 | D:4      | Bought a scroll of identify for 24 gold pieces
  3469 | D:4      | Bought a scroll of remove curse for 36 gold pieces
  3813 | D:4      | Found Ekhol's Antique Weapon Shoppe.
  4006 | D:5      | Entered Level 5 of the Dungeon
  4711 | D:5      | Found a staircase to the Ecumenical Temple.
  4717 | Temple   | Entered the Ecumenical Temple
  5026 | D:5      | Reached skill level 8 in Axes
  5026 | D:5      | Reached XP level 8. HP: 67/71 MP: 7/7
  5208 | D:5      | Reached skill level 1 in Invocations
  5821 | D:6      | Noticed Edmund
  5832 | D:6      | Killed Edmund
  5832 | D:6      | Reached skill level 9 in Axes
  6273 | D:7      | Noticed Duvessa
  6274 | D:7      | Noticed Dowan
  6284 | D:7      | Killed Duvessa
  6294 | D:7      | Killed Dowan
  6624 | D:7      | Reached XP level 9. HP: 77/80 MP: 10/10
  6657 | D:7      | Noticed Pikel
  6669 | D:7      | Killed Pikel
  6669 | D:7      | Reached skill level 10 in Axes
  7043 | D:8      | Reached *** piety under the Shining One
  7266 | D:8      | Noticed dscm's ghost (novice DsGl)
  7425 | D:8      | Killed dscm's ghost
  7425 | D:8      | Reached skill level 11 in Axes
  8184 | D:8      | Found a shadowy altar of Dithmenos.
  8184 | D:8      | Found an ancient bone altar of Kikubaaqudgha.
  8230 | D:8      | Reached XP level 10. HP: 90/90 MP: 12/12
  8239 | D:8      | Found a staircase to the Lair.
  9103 | D:9      | Reached skill level 5 in Invocations
  9307 | D:9      | Reached skill level 12 in Axes
  9353 | D:9      | Found a staircase to the Orcish Mines.
  9357 | D:9      | Reached **** piety under the Shining One
  9646 | D:9      | Found an opulent altar of Gozag.
  9885 | D:10     | Entered Level 10 of the Dungeon
 10316 | D:10     | Noticed a gargoyle
 10324 | D:10     | Killed a gargoyle
 11024 | Lair:1   | Entered Level 1 of the Lair of Beasts
 11024 | Lair:1   | Noticed a spiny frog
 11038 | Lair:1   | Killed a spiny frog
 11430 | D:8      | Reached skill level 13 in Axes
 11432 | D:8      | Reached skill level 10 in Fighting
 11559 | D:8      | Reached XP level 11. HP: 47/99 MP: 14/14
 11621 | D:8      | Reached skill level 10 in Shields
 12667 | Lair:1   | Reached ***** piety under the Shining One
 13059 | Lair:1   | Got an ancient turquoise ring
 13712 | D:11     | Noticed a five-headed hydra
 13806 | D:11     | Noticed a two-headed ogre
 13812 | D:11     | Killed a two-headed ogre
 13812 | D:11     | Reached skill level 14 in Axes
 14521 | D:11     | Reached skill level 1 in Dodging
 14755 | D:11     | Killed a five-headed hydra
 15071 | D:11     | Identified the ring "Rerouliu" {*Contam rPois rC++ Str+3 Int+5} (You found it on level 1 of the Lair of Beasts)
 15987 | Lair:1   | Reached XP level 12. HP: 94/110 MP: 16/16
 16840 | Lair:2   | Noticed a six-headed hydra
 16856 | Lair:1   | Killed a six-headed hydra
 16948 | Lair:2   | Found a staircase to the Snake Pit.
 17405 | Lair:2   | Noticed a five-headed hydra
 17412 | Lair:2   | Killed a five-headed hydra
 18437 | Lair:3   | Noticed Harold
 18451 | Lair:3   | Killed Harold
 18584 | Lair:3   | Reached skill level 5 in Dodging
 18682 | Lair:3   | Noticed Gastronok
 18690 | Lair:3   | Reached skill level 15 in Axes
 18702 | Lair:3   | Killed Gastronok
 19198 | Lair:3   | Noticed a seven-headed hydra
 19213 | Lair:3   | Killed a seven-headed hydra
 19495 | Lair:4   | Reached XP level 13. HP: 108/118 MP: 18/18
 19559 | Lair:4   | Found a staircase to the Swamp.
 20649 | Lair:5   | Reached skill level 5 in Armour
 21834 | Lair:6   | Entered Level 6 of the Lair of Beasts
 22090 | Lair:6   | Reached skill level 10 in Invocations
 22246 | Lair:6   | Found a staircase to the Slime Pits.
 22262 | Lair:6   | Found a viscous altar of Jiyva.
 23293 | Lair:6   | Reached skill level 16 in Axes
 23370 | Lair:6   | Reached XP level 14. HP: 110/129 MP: 20/20
 23461 | Lair:6   | Identified a +2 pair of boots of running (You found it on level 6 of the Lair of Beasts)
 24270 | Orc:1    | Entered Level 1 of the Orcish Mines
 24884 | Orc:2    | Entered Level 2 of the Orcish Mines
 24922 | Orc:2    | Found a staircase to the Elven Halls.
 24964 | Orc:2    | Found Fiut Guf's Antique Armour Emporium.
 24979 | Orc:2    | Bought a pair of embroidered gloves for 142 gold pieces
 25111 | Orc:2    | Found Vuophutu's Antique Weapon Boutique.
 25147 | Orc:2    | Found Hooporu's Book Shop.
 25175 | Orc:2    | Found a flickering gateway to a bazaar.
 25184 | Bazaar   | Entered a bazaar
 25184 | Bazaar   | Found Heehoer's Assorted Antiques.
 25185 | Bazaar   | Found Vuovos's Antique Weapon Shoppe.
 25196 | Bazaar   | Found Cahawex's Distillery.
 25209 | Bazaar   | Found Akluasuwk's Book Shop.
 25215 | Bazaar   | Found Vaic's General Store.
 25223 | Bazaar   | Bought a scroll of identify for 32 gold pieces
 25254 | Bazaar   | Bought a shiny plate armour for 936 gold pieces
 25254 | Bazaar   | Bought a potion of curing for 108 gold pieces
 25401 | Orc:2    | Reached ****** piety under the Shining One
 25425 | Orc:2    | Noticed Saint Roka
 25474 | Orc:2    | Noticed an orc warlord
 25559 | Orc:2    | Killed an orc warlord
 25832 | Orc:2    | Found Cicociow's General Store.
 25841 | Orc:2    | Bought a scroll of identify for 26 gold pieces
 25841 | Orc:2    | Bought a scroll of magic mapping for 45 gold pieces
 25841 | Orc:2    | Bought a potion of flight for 39 gold pieces
 25841 | Orc:2    | Bought a scroll of fog for 26 gold pieces
 25876 | Orc:2    | Killed Saint Roka
 25990 | Orc:2    | Found a roughly hewn altar of Beogh.
 26628 | Snake:1  | Entered Level 1 of the Snake Pit
 26814 | Swamp:1  | Entered Level 1 of the Swamp
 26896 | Swamp:1  | Noticed Monsterracer's ghost (adept OgTm)
 27175 | Swamp:1  | Noticed Frances
 27202 | Swamp:1  | Killed Frances
 27202 | Swamp:1  | Reached XP level 15. HP: 53/139 MP: 7/22
 27646 | D:6      | Identified a +6 dire flail of holy wrath (a +4 dire flail of protection blessed by the Shining One)
 27646 | D:6      | Received a gift from the Shining One
 27913 | Swamp:1  | Noticed Nikola
 28469 | Lair:4   | Killed Nikola
 28469 | Lair:4   | Reached skill level 17 in Axes
 28666 | Swamp:1  | Killed Monsterracer's ghost
 28696 | Swamp:1  | Reached skill level 10 in Armour
 28951 | Swamp:1  | Noticed a thorn hunter
 28972 | Swamp:1  | Killed a thorn hunter
 29150 | Swamp:1  | Noticed Josephine
 29160 | Swamp:1  | Killed Josephine
 29527 | Swamp:1  | Reached skill level 15 in Fighting
 29752 | Swamp:2  | Noticed a thorn hunter
 29774 | Swamp:2  | Killed a thorn hunter
 30174 | Swamp:2  | Noticed a thorn hunter
 30186 | Swamp:2  | Killed a thorn hunter
 30755 | Swamp:2  | Identified a scroll of acquirement
 31272 | Swamp:3  | Noticed a thorn hunter
 31391 | Swamp:3  | Killed a thorn hunter
 33225 | Swamp:3  | Reached XP level 16. HP: 49/150 MP: 8/24
 33606 | Swamp:3  | Got a flickering golden amulet
 33758 | Swamp:4  | Entered Level 4 of the Swamp
 33942 | Swamp:3  | Reached skill level 18 in Axes
 34151 | Swamp:4  | Noticed the 27-headed Lernaean hydra
 34761 | Swamp:4  | Got a decaying rune of Zot
 35496 | Swamp:4  | Killed the 26-headed Lernaean hydra
 35731 | Swamp:1  | Noticed a thorn hunter
 35739 | Swamp:1  | Killed a thorn hunter
 37395 | Snake:1  | Identified the amulet of Nialebi {Regen+ Dex+5} (You took it off a spriggan druid on level 3 of the Swamp)
 38162 | Snake:2  | Reached XP level 17. HP: 139/160 MP: 8/26
 38746 | Snake:2  | Reached skill level 19 in Axes
 42630 | Snake:4  | Entered Level 4 of the Snake Pit
 42738 | Snake:4  | Found a frozen archway.
 42797 | IceCv    | Entered an ice cave
 42921 | IceCv    | Got a brightly glowing platinum ring
 43045 | IceCv    | Identified the ring of Arom {rCorr Int+7} (You found it in an ice cave)
 43331 | IceCv    | Noticed Monsterracer's ghost (journeyman BaCj)
 43340 | IceCv    | Killed Monsterracer's ghost
 44716 | Snake:4  | Reached XP level 18. HP: 114/172 MP: 9/28
 45098 | Snake:4  | Reached skill level 15 in Invocations
 46282 | Snake:4  | Got a serpentine rune of Zot
 46598 | D:12     | Reached skill level 20 in Axes
 46716 | D:12     | Got a pair of twisted gloves
 46748 | D:12     | Identified the cursed +0 pair of gloves of Saoxzeil {MR+ Str+3} (You found it on level 12 of the Dungeon)
 46762 | D:12     | Noticed Urug
 46776 | D:12     | Killed Urug
 46776 | D:12     | Reached skill level 1 in Evocations
 46835 | D:12     | Reached skill level 15 in Armour
 48151 | D:13     | The Shining One protects you from harm!
 48205 | D:13     | Slain by an enormous slime creature

Skill      XL: |  1  2  3  4  5  6  7  8  9 10 11 12 13 14 15 16 17 18 |
---------------+-------------------------------------------------------+-----
Armour         | 4 6 9 11 13 14 15 | 15.2
Fighting       | 4 5 6 7 8 10 11 12 13 14 15 16 18 | 18.5
Shields        | 4 5 6 7 8 9 11 12 13 14 | 14.4
Axes           | 3 5 6 8 9 11 13 14 15 16 17 18 19 20 | 20.0
Invocations    | 2 4 6 7 9 10 11 12 13 14 15 | 15.1
Dodging        | 2 5 6 |  6.8
Evocations     | 2 |  2.4

Action                   |  1- 3 |  4- 6 |  7- 9 | 10-12 | 13-15 | 16-18 || total
-------------------------+-------+-------+-------+-------+-------+-------++-------
Melee: War axe           |   118 |   103 |   231 |   552 |       |       ||  1004
       Headbutt          |    14 |    21 |    43 |   147 |   231 |   268 ||   724
       Flail             |       |       |       |    19 |    13 |       ||    32
       Broad axe         |       |       |       |    47 |   541 |       ||   588
       Battleaxe         |       |       |       |       |   359 |   929 ||  1288
       Dire flail        |       |       |       |       |    41 |   160 ||   201
Invok: Cleansing Flame   |       |       |       |     1 |       |     5 ||     6
       Divine Shield     |       |       |       |       |     1 |       ||     1
       Brand Weapon With |       |       |       |       |     1 |       ||     1
       Summon Divine War |       |       |       |       |       |     5 ||     5
Evoke: Wand              |       |     5 |     7 |     3 |    15 |     9 ||    39
  Use: Scroll            |     3 |    12 |     3 |    15 |    21 |    14 ||    68
       Potion            |       |       |       |     1 |     8 |     5 ||    14
  Eat: Chunk             |     2 |     4 |     6 |    29 |    30 |    21 ||    92
       Royal jelly       |       |       |     2 |       |       |     4 ||     6
       Meat ration       |       |       |     1 |       |       |       ||     1
       Fruit             |       |       |     2 |     7 |    16 |    22 ||    47
Armor: Scale mail        |    56 |    17 |       |       |       |       ||    73
       Chain mail        |       |    10 |    74 |    85 |       |       ||   169
       Plate armour      |       |       |       |    87 |   352 |   624 ||  1063
Dodge: Dodged            |    32 |    26 |    34 |   113 |   254 |   480 ||   939
       Deflected         |       |       |     2 |     2 |     3 |       ||     7
Block: Shield            |    53 |    43 |   117 |   367 |   369 |       ||   949
       Reflection        |       |       |       |     1 |     7 |    17 ||    25
       Other             |       |       |       |       |    58 |   156 ||   214
